Unix NetHack Version 3.7.0-65 Work-in-progress - last build Sep 23 2022 07:09:18 (44f82226d8e4b5dc2c60eb0db1503df654622890,branch:master).

Game began 2022-09-23 16:56:07, ended 2022-09-24 09:02:07.

rustyspoon, lawful female human Valkyrie

  
unexplored area
unexplored area
unexplored area
unexplored area
unexplored area
unexplored area
unexplored area
unexplored area
unexplored area
unexplored area
unexplored area
unexplored area
unexplored area
unexplored area
unexplored area
unexplored area
unexplored area
unexplored area
unexplored area
unexplored area
unexplored area
unexplored area
unexplored area
unexplored area
unexplored area
unexplored area
unexplored area
unexplored area
unexplored area
unexplored area
unexplored area
unexplored area
unexplored area
unexplored area
unexplored area
unexplored area
unexplored area
unexplored area
unexplored area
unexplored area
unexplored area
unexplored area
unexplored area
unexplored area
unexplored area
unexplored area
unexplored area
unexplored area
unexplored area
unexplored area
unexplored area
unexplored area
unexplored area
unexplored area
unexplored area
unexplored area
unexplored area
unexplored area
unexplored area
unexplored area
unexplored area
unexplored area
unexplored area
unexplored area
unexplored area
unexplored area
unexplored area
unexplored area
unexplored area
unexplored area
unexplored area
unexplored area
unexplored area
unexplored area
unexplored area
unexplored area
unexplored area
unexplored area
unexplored area
unexplored area
unexplored area
unexplored area
unexplored area
unexplored area
unexplored area
unexplored area
unexplored area
unexplored area
unexplored area
unexplored area
unexplored area
unexplored area
unexplored area
unexplored area
unexplored area
unexplored area
unexplored area
unexplored area
unexplored area
unexplored area
unexplored area
unexplored area
unexplored area
unexplored area
unexplored area
unexplored area
unexplored area
unexplored area
unexplored area
unexplored area
wall
wall
wall
wall
wall
wall
wall
wall
wall
wall
wall
wall
wall
wall
wall
wall
wall
unexplored area
unexplored area
unexplored area
unexplored area
unexplored area
unexplored area
unexplored area
unexplored area
unexplored area
unexplored area
unexplored area
unexplored area
unexplored area
unexplored area
unexplored area
unexplored area
unexplored area
unexplored area
unexplored area
unexplored area
unexplored area
unexplored area
unexplored area
unexplored area
unexplored area
unexplored area
unexplored area
unexplored area
unexplored area
unexplored area
unexplored area
unexplored area
unexplored area
unexplored area
unexplored area
unexplored area
unexplored area
unexplored area
unexplored area
unexplored area
unexplored area
unexplored area
unexplored area
unexplored area
unexplored area
unexplored area
unexplored area
unexplored area
unexplored area
unexplored area
unexplored area
unexplored area
unexplored area
unexplored area
unexplored area
unexplored area
unexplored area
unexplored area
unexplored area
unexplored area
unexplored area
unexplored area
wall
.dark part of a room
.dark part of a room
.dark part of a room
[an opera cloak
.dark part of a room
%a priest corpse
.dark part of a room
0a boulder
%a xorn corpse
.dark part of a room
.dark part of a room
.dark part of a room
.dark part of a room
.dark part of a room
.dark part of a room
wall
unexplored area
unexplored area
unexplored area
unexplored area
unexplored area
unexplored area
unexplored area
unexplored area
unexplored area
unexplored area
unexplored area
unexplored area
unexplored area
unexplored area
unexplored area
unexplored area
unexplored area
unexplored area
unexplored area
unexplored area
unexplored area
unexplored area
unexplored area
unexplored area
unexplored area
unexplored area
unexplored area
unexplored area
unexplored area
unexplored area
unexplored area
unexplored area
unexplored area
unexplored area
unexplored area
unexplored area
unexplored area
unexplored area
unexplored area
unexplored area
unexplored area
unexplored area
unexplored area
unexplored area
unexplored area
unexplored area
unexplored area
unexplored area
unexplored area
unexplored area
unexplored area
unexplored area
unexplored area
unexplored area
unexplored area
unexplored area
unexplored area
unexplored area
unexplored area
unexplored area
wall
wall
wall
.dark part of a room
.dark part of a room
.dark part of a room
wall
wall
wall
wall
|open door
wall
wall
wall
wall
.dark part of a room
.dark part of a room
.dark part of a room
wall
wall
wall
unexplored area
unexplored area
unexplored area
unexplored area
unexplored area
unexplored area
unexplored area
unexplored area
unexplored area
unexplored area
unexplored area
unexplored area
unexplored area
unexplored area
unexplored area
unexplored area
unexplored area
unexplored area
unexplored area
unexplored area
unexplored area
unexplored area
unexplored area
unexplored area
unexplored area
unexplored area
unexplored area
unexplored area
unexplored area
unexplored area
unexplored area
unexplored area
unexplored area
unexplored area
unexplored area
unexplored area
unexplored area
unexplored area
unexplored area
unexplored area
unexplored area
unexplored area
unexplored area
unexplored area
unexplored area
unexplored area
unexplored area
unexplored area
unexplored area
unexplored area
unexplored area
unexplored area
unexplored area
unexplored area
unexplored area
unexplored area
unexplored area
unexplored area
wall
.dark part of a room
.dark part of a room
.dark part of a room
.dark part of a room
wall
wall
.dark part of a room
.dark part of a room
.dark part of a room
.dark part of a room
.dark part of a room
.dark part of a room
.dark part of a room
wall
wall
.dark part of a room
.dark part of a room
.dark part of a room
.dark part of a room
wall
unexplored area
unexplored area
unexplored area
unexplored area
unexplored area
unexplored area
unexplored area
unexplored area
unexplored area
unexplored area
unexplored area
unexplored area
unexplored area
unexplored area
unexplored area
unexplored area
unexplored area
unexplored area
unexplored area
unexplored area
unexplored area
unexplored area
unexplored area
unexplored area
unexplored area
unexplored area
unexplored area
unexplored area
unexplored area
unexplored area
unexplored area
unexplored area
unexplored area
unexplored area
unexplored area
unexplored area
unexplored area
unexplored area
unexplored area
unexplored area
unexplored area
unexplored area
unexplored area
unexplored area
unexplored area
unexplored area
unexplored area
unexplored area
unexplored area
unexplored area
unexplored area
unexplored area
wall
wall
wall
wall
wall
wall
wall
.dark part of a room
.dark part of a room
.dark part of a room
wall
wall
.dark part of a room
.dark part of a room
.dark part of a room
%a giant beetle corpse
.dark part of a room
.dark part of a room
.dark part of a room
.dark part of a room
.dark part of a room
wall
wall
.dark part of a room
.dark part of a room
.dark part of a room
wall
unexplored area
unexplored area
unexplored area
unexplored area
unexplored area
unexplored area
unexplored area
unexplored area
unexplored area
unexplored area
unexplored area
unexplored area
unexplored area
unexplored area
unexplored area
unexplored area
unexplored area
unexplored area
unexplored area
unexplored area
unexplored area
unexplored area
unexplored area
unexplored area
unexplored area
unexplored area
unexplored area
unexplored area
unexplored area
unexplored area
unexplored area
unexplored area
unexplored area
unexplored area
unexplored area
unexplored area
unexplored area
unexplored area
unexplored area
unexplored area
wall
wall
wall
wall
wall
wall
unexplored area
unexplored area
unexplored area
unexplored area
unexplored area
unexplored area
wall
.dark part of a room
.dark part of a room
.dark part of a room
.dark part of a room
.dark part of a room
.dark part of a room
.dark part of a room
.dark part of a room
.dark part of a room
wall
.dark part of a room
.dark part of a room
.dark part of a room
)a mace
.dark part of a room
.dark part of a room
.dark part of a room
.dark part of a room
.dark part of a room
.dark part of a room
.dark part of a room
wall
.dark part of a room
.dark part of a room
.dark part of a room
.dark part of a room
.dark part of a room
.dark part of a room
unexplored area
unexplored area
unexplored area
unexplored area
unexplored area
unexplored area
unexplored area
unexplored area
unexplored area
unexplored area
unexplored area
unexplored area
unexplored area
unexplored area
unexplored area
unexplored area
unexplored area
unexplored area
unexplored area
unexplored area
unexplored area
unexplored area
unexplored area
unexplored area
unexplored area
unexplored area
unexplored area
unexplored area
unexplored area
unexplored area
unexplored area
unexplored area
unexplored area
unexplored area
unexplored area
unexplored area
unexplored area
unexplored area
unexplored area
.dark part of a room
.dark part of a room
.dark part of a room
.dark part of a room
wall
unexplored area
unexplored area
unexplored area
unexplored area
unexplored area
unexplored area
wall
)a long sword
.dark part of a room
)a mace
wall
wall
wall
wall
wall
wall
wall
wall
.dark part of a room
.dark part of a room
.dark part of a room
.dark part of a room
%Famine's corpse
.dark part of a room
.dark part of a room
.dark part of a room
.dark part of a room
wall
wall
wall
wall
wall
wall
wall
wall
unexplored area
unexplored area
unexplored area
unexplored area
unexplored area
unexplored area
unexplored area
unexplored area
unexplored area
unexplored area
unexplored area
unexplored area
unexplored area
unexplored area
unexplored area
unexplored area
unexplored area
unexplored area
unexplored area
unexplored area
unexplored area
unexplored area
unexplored area
unexplored area
unexplored area
unexplored area
unexplored area
unexplored area
unexplored area
unexplored area
unexplored area
2unknown creature causing you anxiety
wall
wall
wall
wall
wall
wall
wall
wall
wall
.dark part of a room
.dark part of a room
wall
wall
unexplored area
unexplored area
unexplored area
wall
wall
wall
wall
[a robe
wall
wall
wall
wall
unexplored area
unexplored area
unexplored area
unexplored area
unexplored area
wall
.dark part of a room
.dark part of a room
.dark part of a room
.dark part of a room
.dark part of a room
.dark part of a room
.dark part of a room
wall
wall
unexplored area
unexplored area
unexplored area
unexplored area
unexplored area
unexplored area
unexplored area
unexplored area
unexplored area
unexplored area
unexplored area
unexplored area
unexplored area
unexplored area
unexplored area
unexplored area
unexplored area
unexplored area
unexplored area
unexplored area
unexplored area
unexplored area
unexplored area
unexplored area
unexplored area
unexplored area
unexplored area
unexplored area
unexplored area
unexplored area
unexplored area
unexplored area
unexplored area
unexplored area
unexplored area
unexplored area
unexplored area
unexplored area
unexplored area
wall
.floor of a room
@priestess of Odin
.floor of a room
.floor of a room
.floor of a room
.floor of a room
.floor of a room
wall
.dark part of a room
.dark part of a room
.dark part of a room
wall
wall
unexplored area
wall
wall
.dark part of a room
.dark part of a room
.dark part of a room
[a robe
.dark part of a room
.dark part of a room
.dark part of a room
wall
unexplored area
unexplored area
unexplored area
unexplored area
wall
wall
wall
wall
wall
|open door
wall
wall
wall
wall
wall
unexplored area
unexplored area
unexplored area
unexplored area
unexplored area
unexplored area
unexplored area
unexplored area
unexplored area
unexplored area
unexplored area
unexplored area
unexplored area
unexplored area
unexplored area
unexplored area
unexplored area
unexplored area
unexplored area
unexplored area
unexplored area
unexplored area
unexplored area
unexplored area
unexplored area
unexplored area
unexplored area
unexplored area
unexplored area
unexplored area
unexplored area
unexplored area
unexplored area
unexplored area
unexplored area
unexplored area
unexplored area
unexplored area
unexplored area
wall
%a storm giant corpse
.floor of a room
.floor of a room
@peaceful high priestess of Tyr
.floor of a room
@renegade priestess of Tyr
@priestess of Loki
wall
agiant ant
.dark part of a room
.dark part of a room
.dark part of a room
wall
wall
wall
.dark part of a room
.dark part of a room
.dark part of a room
.dark part of a room
$some gold pieces
.dark part of a room
.dark part of a room
.dark part of a room
.dark part of a room
unexplored area
unexplored area
wall
wall
wall
.dark part of a room
.dark part of a room
.dark part of a room
.dark part of a room
.dark part of a room
.dark part of a room
.dark part of a room
.dark part of a room
.dark part of a room
wall
wall
wall
unexplored area
unexplored area
unexplored area
unexplored area
unexplored area
unexplored area
unexplored area
unexplored area
unexplored area
unexplored area
unexplored area
unexplored area
unexplored area
unexplored area
unexplored area
unexplored area
unexplored area
unexplored area
unexplored area
unexplored area
unexplored area
unexplored area
unexplored area
unexplored area
unexplored area
unexplored area
unexplored area
unexplored area
unexplored area
unexplored area
unexplored area
unexplored area
unexplored area
unexplored area
unexplored area
unexplored area
Bvampire bat
wall
.floor of a room
.floor of a room
.floor of a room
@human valkyrie called rustyspoon
wtame purple worm
.floor of a room
.floor of a room
-open door
Vvampire lord
.floor of a room
.floor of a room
Arenegade Angel of Tyr
AAngel of Loki
%a giant ant corpse
.dark part of a room
.dark part of a room
.dark part of a room
.dark part of a room
.dark part of a room
.dark part of a room
.dark part of a room
.dark part of a room
.dark part of a room
.dark part of a room
unexplored area
unexplored area
wall
.dark part of a room
.dark part of a room
.dark part of a room
.dark part of a room
.dark part of a room
[a plate mail
%a baluchitherium corpse
.dark part of a room
.dark part of a room
.dark part of a room
.dark part of a room
.dark part of a room
.dark part of a room
wall
unexplored area
unexplored area
unexplored area
unexplored area
unexplored area
unexplored area
unexplored area
unexplored area
unexplored area
unexplored area
unexplored area
unexplored area
unexplored area
unexplored area
unexplored area
unexplored area
unexplored area
unexplored area
unexplored area
unexplored area
unexplored area
unexplored area
unexplored area
unexplored area
unexplored area
unexplored area
unexplored area
unexplored area
unexplored area
unexplored area
unexplored area
unexplored area
unexplored area
unexplored area
unexplored area
unexplored area
unexplored area
wall
.floor of a room
.floor of a room
.floor of a room
.floor of a room
.floor of a room
.floor of a room
wtame purple worm
wall
.dark part of a room
.dark part of a room
.dark part of a room
.dark part of a room
wall
wall
wall
.dark part of a room
.dark part of a room
.dark part of a room
.dark part of a room
.dark part of a room
.dark part of a room
.dark part of a room
.dark part of a room
unexplored area
unexplored area
unexplored area
wall
.dark part of a room
unexplored area
wall
wall
wall
wall
.doorway
wall
wall
wall
wall
unexplored area
.dark part of a room
wall
unexplored area
unexplored area
unexplored area
unexplored area
unexplored area
unexplored area
unexplored area
unexplored area
unexplored area
unexplored area
unexplored area
unexplored area
unexplored area
unexplored area
unexplored area
unexplored area
unexplored area
unexplored area
unexplored area
unexplored area
unexplored area
unexplored area
unexplored area
unexplored area
unexplored area
unexplored area
unexplored area
unexplored area
unexplored area
unexplored area
unexplored area
unexplored area
unexplored area
unexplored area
unexplored area
unexplored area
unexplored area
wall
.floor of a room
.floor of a room
.floor of a room
.floor of a room
wtame purple worm
.floor of a room
.floor of a room
wall
.dark part of a room
.dark part of a room
.dark part of a room
wall
wall
unexplored area
wall
wall
.dark part of a room
.dark part of a room
.dark part of a room
.dark part of a room
.dark part of a room
.dark part of a room
unexplored area
unexplored area
unexplored area
unexplored area
wall
unexplored area
unexplored area
wall
.dark part of a room
.dark part of a room
.dark part of a room
.dark part of a room
%a carnivorous ape corpse
.dark part of a room
.dark part of a room
wall
unexplored area
unexplored area
wall
unexplored area
unexplored area
unexplored area
unexplored area
unexplored area
unexplored area
unexplored area
unexplored area
unexplored area
unexplored area
unexplored area
unexplored area
unexplored area
unexplored area
unexplored area
unexplored area
unexplored area
unexplored area
unexplored area
unexplored area
unexplored area
unexplored area
unexplored area
unexplored area
unexplored area
unexplored area
unexplored area
unexplored area
unexplored area
unexplored area
unexplored area
unexplored area
unexplored area
unexplored area
unexplored area
unexplored area
unexplored area
wall
wall
wall
wall
wall
wall
wall
wall
wall
.dark part of a room
Apeaceful Angel of Tyr
wall
wall
unexplored area
unexplored area
unexplored area
wall
wall
wall
wall
wall
wall
unexplored area
unexplored area
unexplored area
unexplored area
unexplored area
unexplored area
unexplored area
unexplored area
wall
.dark part of a room
.dark part of a room
.dark part of a room
.dark part of a room
.dark part of a room
.dark part of a room
.dark part of a room
wall
unexplored area
unexplored area
unexplored area
unexplored area
unexplored area
unexplored area
unexplored area
unexplored area
unexplored area
unexplored area
unexplored area
unexplored area
unexplored area
unexplored area
unexplored area
unexplored area
unexplored area
unexplored area
unexplored area
unexplored area
unexplored area
unexplored area
unexplored area
unexplored area
unexplored area
unexplored area
unexplored area
unexplored area
unexplored area
unexplored area
unexplored area
unexplored area
unexplored area
unexplored area
unexplored area
unexplored area
unexplored area
unexplored area
unexplored area
unexplored area
unexplored area
AAngel of Odin
unexplored area
unexplored area
unexplored area
unexplored area
unexplored area
unexplored area
.dark part of a room
.dark part of a room
.dark part of a room
wall
unexplored area
unexplored area
unexplored area
unexplored area
unexplored area
unexplored area
unexplored area
unexplored area
unexplored area
unexplored area
unexplored area
unexplored area
unexplored area
unexplored area
unexplored area
unexplored area
unexplored area
unexplored area
wall
.dark part of a room
.dark part of a room
.dark part of a room
_aligned high altar
.dark part of a room
.dark part of a room
.dark part of a room
wall
unexplored area
unexplored area
unexplored area
unexplored area
unexplored area
unexplored area
unexplored area
unexplored area
unexplored area
unexplored area
unexplored area
unexplored area
unexplored area
unexplored area
unexplored area
unexplored area
unexplored area
unexplored area
unexplored area
unexplored area
unexplored area
unexplored area
unexplored area
unexplored area
unexplored area
unexplored area
unexplored area
unexplored area
unexplored area
unexplored area
unexplored area
unexplored area
unexplored area
unexplored area
unexplored area
unexplored area
unexplored area
unexplored area
unexplored area
unexplored area
unexplored area
unexplored area
unexplored area
unexplored area
unexplored area
unexplored area
unexplored area
wall
wall
wall
wall
wall
unexplored area
unexplored area
unexplored area
unexplored area
unexplored area
unexplored area
unexplored area
unexplored area
unexplored area
unexplored area
unexplored area
unexplored area
unexplored area
unexplored area
unexplored area
unexplored area
unexplored area
unexplored area
wall
.dark part of a room
.dark part of a room
.dark part of a room
.dark part of a room
.dark part of a room
.dark part of a room
.dark part of a room
wall
unexplored area
unexplored area
unexplored area
unexplored area
unexplored area
unexplored area
unexplored area
unexplored area
unexplored area
unexplored area
unexplored area
unexplored area
unexplored area
unexplored area
unexplored area
unexplored area
unexplored area
unexplored area
unexplored area
unexplored area
unexplored area
unexplored area
unexplored area
unexplored area
unexplored area
unexplored area
unexplored area
unexplored area
unexplored area
unexplored area
unexplored area
unexplored area
unexplored area
unexplored area
unexplored area
unexplored area
unexplored area
unexplored area
unexplored area
unexplored area
unexplored area
unexplored area
unexplored area
unexplored area
unexplored area
unexplored area
unexplored area
unexplored area
unexplored area
unexplored area
unexplored area
unexplored area
unexplored area
unexplored area
unexplored area
unexplored area
unexplored area
unexplored area
unexplored area
unexplored area
unexplored area
unexplored area
unexplored area
unexplored area
unexplored area
unexplored area
unexplored area
unexplored area
unexplored area
unexplored area
wall
.dark part of a room
.dark part of a room
.dark part of a room
.dark part of a room
.dark part of a room
.dark part of a room
.dark part of a room
wall
unexplored area
unexplored area
unexplored area
unexplored area
unexplored area
unexplored area
unexplored area
unexplored area
unexplored area
unexplored area
unexplored area
unexplored area
unexplored area
unexplored area
unexplored area
unexplored area
unexplored area
unexplored area
unexplored area
unexplored area
unexplored area
unexplored area
unexplored area
unexplored area
unexplored area
unexplored area
unexplored area
unexplored area
unexplored area
unexplored area
unexplored area
unexplored area
unexplored area
unexplored area
unexplored area
unexplored area
unexplored area
unexplored area
unexplored area
unexplored area
unexplored area
unexplored area
unexplored area
unexplored area
unexplored area
unexplored area
unexplored area
unexplored area
unexplored area
unexplored area
unexplored area
unexplored area
unexplored area
unexplored area
unexplored area
unexplored area
unexplored area
unexplored area
unexplored area
unexplored area
unexplored area
unexplored area
unexplored area
unexplored area
unexplored area
unexplored area
unexplored area
unexplored area
unexplored area
unexplored area
wall
wall
wall
wall
wall
wall
wall
wall
wall
unexplored area
unexplored area
unexplored area
unexplored area
unexplored area
unexplored area
unexplored area
unexplored area
unexplored area
unexplored area
unexplored area
unexplored area
unexplored area
unexplored area
unexplored area
unexplored area
unexplored area
unexplored area
unexplored area
unexplored area
unexplored area
unexplored area
unexplored area
unexplored area
unexplored area
unexplored area
unexplored area
unexplored area
unexplored area
unexplored area
unexplored area
unexplored area
unexplored area
unexplored area
unexplored area
unexplored area
unexplored area
unexplored area
unexplored area
unexplored area
unexplored area
unexplored area
unexplored area
unexplored area
unexplored area
unexplored area
unexplored area
unexplored area
unexplored area
unexplored area
unexplored area
unexplored area
unexplored area
unexplored area
unexplored area
unexplored area
unexplored area
unexplored area
unexplored area
unexplored area
unexplored area
unexplored area
unexplored area
unexplored area
unexplored area
unexplored area
unexplored area
unexplored area
unexplored area
unexplored area
unexplored area
unexplored area
unexplored area
unexplored area
unexplored area
unexplored area
unexplored area
unexplored area
unexplored area
unexplored area
unexplored area
unexplored area
unexplored area
unexplored area
unexplored area
unexplored area
unexplored area
unexplored area
unexplored area
unexplored area
unexplored area
unexplored area
unexplored area
unexplored area
unexplored area
unexplored area
unexplored area
unexplored area
unexplored area
unexplored area
unexplored area
unexplored area
unexplored area
unexplored area
unexplored area
unexplored area
unexplored area
unexplored area
unexplored area
unexplored area
unexplored area
unexplored area
unexplored area
unexplored area
unexplored area
unexplored area
unexplored area
unexplored area
unexplored area
unexplored area
unexplored area
unexplored area
unexplored area
unexplored area
unexplored area
unexplored area
unexplored area
unexplored area
unexplored area
unexplored area
unexplored area
unexplored area
unexplored area
unexplored area
unexplored area
unexplored area
unexplored area
unexplored area
unexplored area
unexplored area
unexplored area
unexplored area
unexplored area
unexplored area
unexplored area
unexplored area
unexplored area
unexplored area
unexplored area
unexplored area
unexplored area
unexplored area
unexplored area
unexplored area
unexplored area
unexplored area
unexplored area
unexplored area
unexplored area
unexplored area
unexplored area
unexplored area
unexplored area
unexplored area
unexplored area
unexplored area
unexplored area
unexplored area
unexplored area
unexplored area
unexplored area
unexplored area
unexplored area
unexplored area
unexplored area
unexplored area
unexplored area
unexplored area
unexplored area
unexplored area
unexplored area
unexplored area
unexplored area
unexplored area
unexplored area
unexplored area
unexplored area
unexplored area
unexplored area
unexplored area
unexplored area
unexplored area
unexplored area
[Rustyspoon the Warrior ] St:18/63 Dx:18 Co:18 In:17 Wi:18 Ch:12 Lawful Astral Plane $:0 HP:334(345) Pw:12(12) AC:-24 Xp:15 T:51678

Latest messages:

The vampire lord bites the purple worm.
The renegade Angel of Tyr zaps a wand of magic missile!
The magic missile hits the purple worm.
The magic missile hits you!
But it reflects from your medallion!
The magic missile hits the purple worm!
The Angel of Loki zaps you with a magic missile!
The magic missile hits the purple worm!
The magic missile whizzes by you!
The priestess of Odin swings her mace at the vampire lord.
The priestess of Odin hits the vampire lord.
The priestess of Odin hits the vampire lord.
The renegade priestess of Tyr swings her mace at the purple worm.
The renegade priestess of Tyr hits the purple worm.
The renegade priestess of Tyr hits the purple worm.
The priestess of Loki swings her mace at the purple worm.
The priestess of Loki hits the purple worm.
The priestess of Loki hits the purple worm.
The purple worm bites the purple worm.
The purple worm bites the purple worm.
The vampire lord turns to flee.
The priest of Loki swings his mace at the priestess of Loki.
The priest of Loki hits the priestess of Loki.
The priest of Loki hits the priestess of Loki.
The priestess of Loki swings her mace at the purple worm.
The priestess of Loki hits the purple worm.
The priestess of Loki hits the purple worm.
The purple worm is killed!
What do you want to use or apply? [bce-giknr-uxzIJMS or ?*]
You produce a strange whistling sound.
Three creatures shift locations.
The giant ant misses the Angel of Loki.
You stop. Your purple worm is in the way!
The purple worm bites the priest of Loki.
The purple worm swallows the priest of Loki.
"Burrrrp!"
The priest of Loki is killed!
The priestess of Loki swings her mace at the purple worm.
The priestess of Loki hits the purple worm.
The priestess of Loki hits the purple worm.
The giant ant misses the vampire lord.
The Angel of Loki puts on a cloak of protection.
There is a high altar to Tyr (lawful) here.
What do you want to sacrifice? [l or ?*]
You offer the Amulet of Yendor to Tyr...
An invisible choir sings, and you are bathed in radiance...
The voice of Tyr booms: "Mortal, thou hast done well!"
"In return for thy service, I grant thee the gift of Immortality!"
You ascend to the status of Demigoddess...
Do you want your possessions identified? [ynq] (y)

Inventory:

Amulets

y - an uncursed amulet of reflection (being worn)

Weapons

a - the blessed rustproof +7 Excalibur (wielded in right hand)
w - a blessed +7 silver saber (wielded in left hand)

Armor

A - an uncursed +3 Hawaiian shirt with a tropical fish motif (being worn)
B - an uncursed +4 gray dragon scale mail (being worn)
C - a blessed fireproof +5 oilskin cloak (being worn)
D - an uncursed fireproof +0 pair of water walking boots (being worn)
E - a blessed +0 pair of leather gloves (being worn)
F - a blessed rustproof +3 helm of telepathy (being worn)

Comestibles

L - an uncursed lizard corpse named KFC

Spellbooks

S - the cursed Book of the Dead

Rings

h - an uncursed ring of shock resistance
m - an uncursed ring of free action (on right hand)
Z - an uncursed ring of conflict (on left hand)

Wands

c - an uncursed wand of teleportation (0:3)
g - an uncursed wand of teleportation (0:6)
r - an uncursed wand of death (2:5)
z - an uncursed wand of digging (0:0)
J - an uncursed wand of death (1:7)
M - an uncursed wand of teleportation (0:4)

Tools

b - a blessed bag of holding containing 76 items
e - an uncursed stethoscope
f - an uncursed magic whistle
i - a blessed magic marker (1:27)
k - an uncursed skeleton key
n - the uncursed Candelabrum of Invocation (7 of 7 candles, lit)
s - an uncursed sack named cancellation containing 1 item
t - an uncursed blindfold
u - a blessed +0 unicorn horn
x - the blessed Orb of Fate (0:5)
I - the uncursed Bell of Opening (0:0)

Contents of the bag of holding:

an uncursed amulet of life saving
an uncursed rustproof +1 athame named annoying liches
5 uncursed +0 daggers
5 uncursed +1 elven daggers
an uncursed +1 pair of iron shoes
an uncursed +0 pair of levitation boots
6 uncursed C-rations
14 uncursed K-rations
an uncursed lizard corpse named MCD
a blessed scroll of light
a blessed scroll of scare monster
a blessed scroll of scare monster
25 uncursed scrolls of blank paper
2 uncursed scrolls of earth
a blessed scroll of enchant armor
an uncursed scroll of enchant weapon
a blessed scroll of fire
an uncursed scroll of fire
an uncursed scroll of remove curse
10 potions of holy water
3 potions of unholy water
an uncursed diluted potion of extra healing
4 blessed diluted potions of full healing
2 uncursed diluted potions of full healing
3 blessed potions of levitation
a blessed potion of paralysis
a blessed potion of speed
an uncursed potion of speed
an uncursed ring of conflict
an uncursed ring of regeneration
an uncursed ring of regeneration
an uncursed ring of regeneration
an uncursed ring of shock resistance
an uncursed ring of shock resistance
an uncursed wand of slow monster (0:8)
an uncursed wand of slow monster (0:6)
an uncursed wand of wishing (0:1)
an uncursed wand of cold (0:6)
an uncursed wand of cold (0:6)
an uncursed wand of cold (0:4)
an uncursed wand of cold (0:5)
an uncursed wand of digging (0:5)
an uncursed wand of digging (0:8)
an uncursed wand of digging (0:5)
an uncursed wand of digging (0:6)
an uncursed wand of digging (0:1)
an uncursed wand of digging (0:3)
an uncursed wand of digging (0:4)
an uncursed wand of digging (0:7)
an uncursed wand of digging (0:5)
an uncursed wand of digging (0:8)
an uncursed wand of digging (0:3)
an uncursed wand of fire named z (0:2)
an uncursed wand of lightning (0:7)
an uncursed wand of secret door detection (0:12)
a blessed wand of sleep (0:4)
an uncursed wand of sleep (0:4)
an uncursed wand of sleep (0:4)
an uncursed wand of sleep (0:3)
an uncursed wand of sleep (0:4)
an uncursed wand of sleep (0:2)
an uncursed wand of sleep (0:4)
an uncursed wand of speed monster (0:6)
an uncursed wand of speed monster (0:5)
an uncursed wand of speed monster (0:7)
an uncursed wand of speed monster (0:3)
an uncursed wand of striking (0:1)
an uncursed bugle
9 uncursed wax candles
an uncursed tallow candle
an uncursed oil lamp
an uncursed brass lantern
an uncursed +0 pick-axe
an uncursed amethyst stone
a blessed luckstone
a blessed touchstone

Contents of the sack named cancellation:

an uncursed wand of cancellation (0:0)

Rustyspoon the Valkyrie's attributes:


Background:

You were a Warrior, a level 15 human Valkyrie.
You were lawful, on a mission for Tyr
who was opposed by Odin (neutral) and Loki (chaotic).
You were in the endgame, on the Astral Plane.
You entered the dungeon 51678 turns ago.
There was a new moon in effect when your adventure ended.
You had 264426 experience points, 55574 more were needed to attain level 16.

Basics:

You had 334 out of 345 hit points.
You had all 12 energy points (spell power).
Your armor class was -24.
Your wallet was empty.
Autopickup was off.

Final Characteristics:

Your strength was 18/63 (peak:18/64, limit:18/100).
Your dexterity was 18 (limit:18).
Your constitution was 18 (limit:18).
Your intelligence was 17 (limit:18).
Your wisdom was 18 (limit:18).
Your charisma was 12 (limit:18).

Final Status:

You were not hungry.
You were unencumbered.
You were wielding two weapons at once.
You were skilled in long sword and two weapons.
Your two weapon skill was limited by being basic with saber.

Final Attributes:

You were the Hand of Elbereth.
You were piously aligned.
You were magic-protected.
You were fire resistant.
You were cold resistant.
You were sleep resistant.
You were disintegration resistant.
You were shock resistant.
You were poison resistant.
You were level-drain resistant.
You saw invisible.
You were telepathic.
You were warned.
You had automatic searching.
You were stealthy.
You caused conflict.
You could walk on water.
You had a moderate defense bonus (+6).
You were guarded.
You took half physical damage.
You took half spell damage.
You were very fast.
You had reflection.
You had free action.
You were extremely lucky.
You had extra luck.
Good luck did not time out for you.
You survived.

Miscellaneous:
You never encountered a bones level.
Total elapsed playing time was 5 hours, 53 minutes and 14 seconds.

Major events:

Turn

1: rustyspoon the lawful human Valkyrie entered the dungeon
698: attained the rank of Skirmisher (level 3)
1169: was bestowed with Mjollnir by Tyr
2131: entered the Gnomish Mines
3060: attained the rank of Fighter (level 6)
3770: reached Mine Town
6160: entered Sokoban
6431: completed 1st Sokoban level
6911: completed 2nd Sokoban level
7427: completed 3rd Sokoban level
8881: completed 4th Sokoban level
9061: attained the rank of Woman-at-arms (level 10)
9278: acquired the Sokoban bag of holding
15346: acquired the Mines' End luckstone
18757: was bestowed with Snickersnee by Tyr
22366: endured an absurd aquatic ceremony, and now wields Excalibur
25171: killed Medusa
29825: was crowned "The Hand of Elbereth" by Tyr
29920: attained the rank of Warrior (level 14)
33689: found the Orb of Fate on the floor
33874: killed Lord Surtur
33876: acquired the Bell of Opening
36079: was bestowed with Frost Brand by Tyr
39254: entered Gehennom
41946: bribed Asmodeus with 46 zorkmids for safe passage
42259: killed Juiblex
43008: killed the invisible Baalzebub
44748: killed Orcus
46719: destroyed Vlad the Impaler
46721: acquired the Candelabrum of Invocation
49208: killed the Wizard of Yendor
49216: acquired the Book of the Dead
49502: performed the invocation
49691: killed the high priestess of Moloch
49705: acquired The Amulet of Yendor
50079: killed the Wizard of Yendor (2nd time)
51361: entered the Elemental Planes
51361: entered Plane of Earth
51362: killed the Wizard of Yendor (3rd time)
51415: entered Plane of Air
51500: entered Plane of Fire
51533: entered Plane of Water
51592: entered the Astral Plane
51609: found Cleaver carried by a monster
51612: killed Famine
51633: killed Famine (2nd time)
51658: killed Pestilence
51678: ascended

Vanquished creatures:

Baalzebub
Orcus
Juiblex
the Wizard of Yendor (4 times)
Pestilence
Famine (twice)
Vlad the Impaler
2 arch-liches
a high cleric
Medusa
8 krakens
8 master liches
6 storm giants
2 glass golems
3 balrogs
9 purple worms
a gray dragon
a gold dragon
4 silver dragons
6 red dragons
3 white dragons
3 orange dragons
6 black dragons
3 blue dragons
2 yellow dragons
22 minotaurs
3 jabberwocks
Lord Surtur
7 baluchitheria
5 Angels
7 demiliches
3 master mind flayers
10 Olog-hai
a Nazgul
4 pit fiends
a hell hound
3 displacer beasts
4 titanotheres
a guardian naga
a genetic engineer
5 disenchanters
33 vampire leaders
4 skeletons
18 aligned clerics
6 captains
6 shades
8 liches
4 clay golems
7 nurses
8 ice devils
5 nalfeshnees
3 lurkers above
2 Aleaxes
3 frost giants
7 ettins
a golden naga
3 black puddings
24 vampires
9 lieutenants
38 ghosts
4 mind flayers
9 giant mimics
6 long worms
8 zruties
35 fire giants
7 ogre tyrants
11 ice trolls
12 rock trolls
4 umber hulks
2 flesh golems
6 elven monarchs
5 hezrous
4 bone devils
8 large mimics
5 wumpuses
a fire vortex
a couatl
10 stalkers
11 air elementals
9 fire elementals
6 earth elementals
9 water elementals
10 hill giants
2 giant mummies
a black naga
8 xorns
19 giant zombies
4 elf-nobles
9 sergeants
5 water demons
14 barbed devils
10 vrocks
4 salamanders
11 wargs
6 winter wolves
2 hell hound pups
18 small mimics
4 glass piercers
4 warhorses
8 steam vortices
13 xans
5 ettin mummies
4 ogre leaders
7 quantum mechanics
21 trolls
a sasquatch
3 wood golems
3 erinyes
6 mariliths
4 sharks
8 gelatinous cubes
5 pyrolisks
5 large dogs
2 freezing spheres
6 flaming spheres
5 shocking spheres
3 large cats
2 tigers
3 gargoyles
a tengu
5 ochre jellies
5 leocrottas
11 energy vortices
2 mountain centaurs
a stone giant
5 elf mummies
3 human mummies
4 red nagas
4 green slimes
4 pythons
4 pit vipers
2 cobras
45 wraiths
12 carnivorous apes
20 ettin zombies
3 leather golems
8 Grey-elves
51 soldiers
6 amorous demons
8 horned devils
4 chameleons
3 crocodiles
16 giant beetles
5 quivering blobs
40 cockatrices
11 wolves
15 winter wolf cubs
4 lynxes
4 panthers
40 gremlins
2 spotted jellies
13 leprechauns
5 orc-captains
2 iron piercers
2 mumakil
10 giant spiders
7 scorpions
7 horses
2 ice vortices
10 black lights
12 vampire bats
4 forest centaurs
6 gnome rulers
5 orc mummies
2 dwarf mummies
6 ogres
9 brown puddings
7 rust monsters
9 owlbears
8 yetis
3 gold golems
2 werewolves
10 Green-elves
3 piranha
10 giant eels
16 lizards
a warrior
7 chickatrices
4 dingoes
5 dogs
a housecat
7 jaguars
a dwarf leader
2 blue jellies
3 gray unicorns
3 black unicorns
4 dust vortices
31 ravens
7 plains centaurs
2 gnome mummies
6 snakes
19 apes
19 human zombies
3 rope golems
4 Woodland-elves
25 soldier ants
92 fire ants
a bugbear
3 imps
3 lemures
12 quasits
7 wood nymphs
5 water nymphs
7 mountain nymphs
13 Mordor orcs
2 Uruk-hai
2 orc shamans
13 rock piercers
11 rock moles
6 ponies
10 fog clouds
8 yellow lights
3 shriekers
2 violet fungi
17 gnome leaders
6 gnomish wizards
8 kobold mummies
6 gray oozes
7 barrow wights
19 elf zombies
16 ghouls
2 straw golems
a paper golem
2 jellyfish
a baby crocodile
27 giant ants
2 little dogs
13 floating eyes
2 kittens
9 dwarves
6 homunculi
a kobold leader
4 kobold shamans
8 hill orcs
16 rothes
6 centipedes
7 giant bats
6 monkeys
8 orc zombies
11 dwarf zombies
2 wererats
a werejackal
15 iguanas
39 killer bees
5 acid blobs
a gas spore
5 hobbits
17 manes
2 large kobolds
5 hobgoblins
12 giant rats
10 cave spiders
2 brown molds
4 yellow molds
2 green molds
2 red molds
67 gnomes
2 garter snakes
16 gnome zombies
9 geckos
15 jackals
2 kobolds
9 goblins
3 sewer rats
17 grid bugs
4 lichens
10 kobold zombies
12 newts
2138 creatures vanquished.

Extinct species:

erinyes (extinct)
1 species extinct.

Voluntary challenges:

You read items or engraved 102 times.
You never engraved Elbereth.
You never genocided any monsters.
You never polymorphed an object.
You used no wishes.
You did not violate any of the special Sokoban rules.

Achievements:

You attained the rank of Skirmisher.
You entered the Gnomish Mines.
You attained the rank of Fighter.
You entered Minetown.
You entered a shop.
You entered a temple.
You entered Sokoban.
You attained the rank of Woman-at-arms.
You completed Sokoban.
You completed the Gnomish Mines.
You defeated Medusa.
You learned the tune to open and close the Castle's drawbridge.
You attained the rank of Warrior.
You had the Bell of Opening.
You entered Gehennom.
You had the Candelabrum of Invocation.
You had the Book of the Dead.
You gained access to Moloch's Sanctum.
You reached the Elemental Planes.
You reached the Astral Plane.
You delivered the Amulet of Yendor.
You ascended!

The Elemental Planes:

   Astral Plane: <- You are here.
Some temples.
Plane of Water:
Plane of Fire:
Plane of Air:
Plane of Earth:

The Dungeons of Doom: levels 1 to 27

   Level 1:
A sink.
One way stairs up to The Elemental Planes.
Level 2:
Level 3:
Some altars to Tyr, a grave.
Stairs down to The Gnomish Mines.
Level 4: "dwarf cloak stash chest"
Level 5:
A grave.
Level 6:
Level 7:
Oracle of Delphi.
Level 8:
Stairs up to Sokoban, level 7.
Level 9:
Level 10:
Level 11:
A wand shop.
Level 12: "long swords in shop"
A weapon shop.
Level 13:
Level 14:
A general store, a grave.
Portal to The Quest.
Level 15:
Level 16:
Level 17:
A primitive area.
Level 18:
A general store.
Level 19:
A fountain.
Level 20:
A temple.
Level 21:
A grave.
Level 22:
A grave.
Level 23:
A fountain.
Level 24:
Some graves.
Level 25:
Many trees.
Level 26:
Level 27: "mojo/snickersnee/frosty under 0 (and backup BoH)"
A fountain.
The castle (play notes "AADDB" to open or close drawbridge).
Connection to Gehennom.

Gehennom: levels 28 to 49

   Level 28:
A temple, many graves.
Valley of the Dead.
Level 29:
Level 30:
Level 31:
Level 32:
Level 33:
A fountain.
Level 34:
Level 35:
Level 36:
Level 37:
Level 38:
Stairs up to Vlad's Tower, level 37.
Level 39:
Level 40:
Some shops, an altar, many graves.
Level 41:
Level 42:
Level 43:
Level 44:
Level 45:
Level 46: "wizard tower"
Level 47:
Level 48:
Level 49:
A temple, many graves.
Moloch's Sanctum.

The Gnomish Mines: levels 4 to 11

   Level 4:
Level 5:
Level 6: "unfriendly watchmen"
Some shops, a temple to Tyr.
Level 7:
Level 8: "backup sack >"
Level 9:
Level 10:
Level 11:

The Quest: levels 1 to 5

   Level 1:
A fountain.
Completed quest for the Norn.
Level 2:
Level 3: "holy water stash chest >"
Level 4:
Level 5:

Sokoban: levels 7 up to 4

   Level 4:
Solved.
Level 5:
Solved.
Level 6: "gems 0"
Solved.
Level 7:
Solved.

Vlad's Tower: levels 37 up to 35

   Level 35:
Level 36:
Level 37:

Farvel rustyspoon the Demigoddess...


You and the purple worm
went to your reward with 2600474 points,
Excalibur (worth 4000 zorkmids and 10000 points)
The Candelabrum of Invocation (worth 5000 zorkmids and 12500 points)
The Orb of Fate (worth 3500 zorkmids and 8750 points)
The Bell of Opening (worth 5000 zorkmids and 12500 points)
The Book of the Dead (worth 10000 zorkmids and 25000 points)
and 0 pieces of gold, after 51678 moves.
You were level 15 with a maximum of 345 hit points when you ascended.